 Dungeon Crawl Stone Soup version 0.31-a0-1529-g7bd419a0e5 (webtiles) character file.

Game seed: 9361398190797462126

33194 jestert79 the Fighter (level 13, -1/117 HPs)
             Began as a White Draconian Warper on Dec 31, 2023.
             Was a Priest of Kikubaaqudgha.
             Engulfed by a cloud of flame (21 damage)
             ... on level 3 of the Lair of Beasts.
             The game lasted 01:31:24 (22119 turns).

jestert79 the Fighter (White Draconian Warper)     Turns: 22119, Time: 01:31:25

Health: -1/117     AC: 13    Str: 16    XL:     13   Next: 35%
Magic:  24/29      EV: 31    Int: 20    God:    Kikubaaqudgha [***...]
Gold:   627        SH:  0    Dex: 12    Spells: 2/22 levels left

rFire   . . .        M - +2 whip "Roxzerr" {venom, rPois Int+3}
rCold   + . .        (no shield)
rNeg    . . .        (body armour unavailable)
rPois   +            (helmet restricted)
rElec   .            p - +2 cloak {Stlth+}
rCorr   .            s - +1 pair of gloves
SInv    +            (no boots)
Will    .....        n - amulet "Wumy" {Acrobat Int+2}
Stlth   +++          l - ring of see invisible
HPRegen 0.39/turn    I - ring of magical power
MPRegen 0.21/turn

%: acrobat
@: short of breath, acrobatic, freezing walls
A: breathe frost, AC +8, unfitting armour, cold resistance 1, cold-blooded
a: Breathe Frost, Renounce Religion, Unearth Wretches


You were on level 3 of the Lair of Beasts.
You worshipped Kikubaaqudgha.
Kikubaaqudgha was most pleased with you.
You visited 3 branches of the dungeon, and saw 15 of its levels.
You also visited: Volcano.

You collected 1199 gold pieces.
You spent 572 gold pieces at shops.

Inventory:

Hand Weapons
 a - a +5 morningstar of venom
 y - a +0 sling
 M - the +2 whip "Roxzerr" (weapon) {venom, rPois Int+3}
   (You found it on level 2 of the Dungeon)

   Int+3:     It affects your intelligence (+3).
   rPois:     It protects you from poison
Missiles
 c - 6 darts of dispersal (quivered)
 h - a throwing net
 x - 38 poisoned darts
 K - 2 atropa-tipped darts
Armour
 p - a +2 cloak of stealth (worn)
 s - a +1 pair of gloves (worn)
 E - a +0 buckler
 J - a +2 kite shield
Jewellery
 l - a ring of see invisible (left hand)
 n - the amulet "Wumy" (around neck) {Acrobat Int+2}
   (You acquired it on level 10 of the Dungeon)

   [amulet of the acrobat]

   Acrobat:   It increases your evasion while moving and waiting.
   Int+2:     It affects your intelligence (+2).
 I - a ring of magical power (right hand)
Talismans
 i - a granite talisman
Wands
 d - a wand of flame (36)
 r - a wand of paralysis (10)
 z - a wand of polymorph (11)
 A - a wand of quicksilver (3)
 C - a wand of iceblast (2)
Scrolls
 g - 2 scrolls of revelation
 o - 4 scrolls of fog
 t - 3 scrolls of fear
 w - a scroll of teleportation
 B - a scroll of blinking
 F - a scroll of amnesia
 N - 5 scrolls of poison
 P - 2 scrolls of brand weapon
 Q - a scroll of torment {unknown}
 S - a scroll of acquirement
Potions
 e - 2 potions of magic
 f - a potion of ambrosia
 j - 2 potions of invisibility
 k - 3 potions of might
 q - 2 potions of haste
 u - 2 potions of lignification
 v - 2 potions of brilliance
 D - 4 potions of berserk rage
 G - a potion of attraction
 H - 3 potions of curing
 L - 2 potions of mutation
 O - a potion of enlightenment
 R - a potion of heal wounds


   Skills:
 - Level 11.7 Fighting
 - Level 4.4(8.7) Axes
 + Level 11.7(12.0) Maces & Flails
 - Level 0.8 Throwing
 + Level 10.0 Dodging
 - Level 3.0 Stealth
 + Level 5.0 Spellcasting
 - Level 3.6 Summonings
 + Level 8.2 Necromancy
 - Level 3.0 Translocations
 - Level 7.6 Ice Magic
 + Level 2.7 Earth Magic


You had 2 spell levels left.
You knew the following spells:

 Your Spells              Type           Power      Damage    Failure   Level
a - Blink                 Tloc           34%        N/A       4%          2
b - Frozen Ramparts       Ice            70%        1d11      1%          3
c - Summon Ice Beast      Ice/Summ       27%        N/A       3%          3
d - Ozocubu's Armour      Ice            35%        N/A       1%          3
e - Animate Dead          Necr           37%        N/A       4%          4
f - Borgnjor's Vile Clut  Necr/Erth      13%        N/A       34%         5

Your spell library contained the following spells:

 Spells                   Type           Power      Damage    Failure   Level
 Freeze                   Ice            100%       1d10      1%          1
 Sublimation of Blood     Necr           37%        N/A       1%          2
 Kiss of Death            Conj/Necr      84%        2d11      2%          1
 Call Imp                 Summ           38%        N/A       3%          2
 Lesser Beckoning         Tloc           34%        N/A       4%          2
 Momentum Strike          Conj/Tloc      22%        3d8       10%         2
 Magic Dart               Conj           20%        1d4       12%         1
 Slow                     Hex            20%        N/A       12%         1
 Vampiric Draining        Necr           37%        2d8       1%          3
 Dispel Undead            Necr           37%        3d15      4%          4
 Hailstorm                Conj/Ice       20%        3d7       7%          3
 Teleport Other           Tloc           17%        N/A       10%         3
 Curse of Agony           Necr           37%        N/A       11%         5
 Manifold Assault         Tloc           17%        N/A       32%         4
 Confusing Touch          Hex            5%         N/A       34%         3
 Inner Flame              Hex/Fire       5%         N/A       34%         3
 Sigil of Binding         Hex            5%         N/A       34%         3
 Tukima's Dance           Hex            5%         N/A       34%         3
 Dimensional Bullseye     Hex/Tloc       5%         N/A       52%         4
 Iskenderun's Mystic Bla  Conj/Tloc      11%        2d4       52%         4
 Vhi's Electric Charge    Tloc/Air       22%        N/A       52%         4
 Death Channel            Necr           18%        N/A       52%         6
 Metabolic Englaciation   Hex/Ice        10%        N/A       54%         5
 Olgreb's Toxic Radiance  Alch           5%         N/A       75%         4
 Irradiate                Conj/Alch      2%         3d12      97%         5
 Sculpt Simulacrum        Ice/Alch       10%        N/A       98%         6
 Dispersal                Tloc           8%         N/A       99%         6
 Ozocubu's Refrigeration  Ice            17%        4d11      99%         7
 Haunt                    Necr/Summ      14%        N/A       100%        7
 Borgnjor's Revivificati  Necr           18%        N/A       100%        8
 Discord                  Hex            2%         N/A       100%        8
 Disjunction              Tloc           8%         N/A       100%        8
 Ignition                 Fire           2%         3d3       100%        8
 Death's Door             Necr           18%        N/A       100%        9


Dungeon Overview and Level Annotations

Branches:
Dungeon (11/15)            Temple (1/1) D:7            Lair (3/5) D:11
 Shoals (0/4) Lair:2        Snake (0/4) Lair:3          Orc (0/2) D:11
Volcano (visited)

Altars:
Ashenzari
Cheibriados
Dithmenos
Elyvilon
Fedhas
Gozag
Hepliaklqana
Kikubaaqudgha
Makhleb
Nemelex Xobeh
Okawaru
Qazlal
Ru
Sif Muna
Trog
Uskayaw
Vehumet
Wu Jian
Xom
Yredelemnul
Zin
The Shining One

Shops:
D:3 :   D:10 :   D:11 *

Portals:
Abyss: D:3

Annotations:
D:3 2 transporters, Ofeo's ghost, weakling OnSh
D:5 3 runed translucent doors, tgirl's ghost, amateur OpEn
D:9 1 runed translucent door, Phlounder's ghost, journeyman DjSh
Lair:3 3 runed translucent doors, Foishes's ghost, journeyman OpEn; freelancePsychic's ghost, journeyman DjSh


Innate Abilities, Weirdness & Mutations

You can breathe waves of freezing cold which knock back foes.
Your icy white scales are hard. (AC +8)
You cannot fit into any form of body armour.
Your flesh is cold resistant. (rC+)
You are cold-blooded and may be slowed by cold attacks.


Message History

Your icy armour melts away.
The wall freezes the fire crab!
The fire crab closely misses you. x2
Unknown command.
Aiming: Quicksilver Bolt
Press: ? - help, Shift-Dir - straight line, f/p - fire crab
Aim: a fire crab (flame, heavily wounded, 86% to hit)
The bolt of dispelling energy hits the fire crab!
The fire crab is severely wounded.
You are engulfed in blazing flames.
The wall freezes the fire crab but does no damage.
The fire crab misses you. x2
Unknown command.
Aiming: Quicksilver Bolt
Press: ? - help, Shift-Dir - straight line, f/p - fire crab
Aim: a fire crab (severely wounded, 86% to hit)
The bolt of dispelling energy hits the fire crab!
The fire crab is severely wounded.
The wall freezes the fire crab!
The fire crab breathes flames at you. The blast of flame misses you.
Unknown command.
You whack the fire crab!
The fire crab is poisoned.
The fire crab is almost dead.
You are engulfed in blazing flames.
* * * LOW HITPOINT WARNING * * *
You kill the fire crab!
Kikubaaqudgha accepts your kill.
Your Spellcasting skill increases to level 5!
Unknown command.
Unknown command.
Press: ? - help, v - describe, . - travel, g - get item
Items here: a fire crab corpse; a black mamba skeleton.
The floor, spattered with blood.
There is a cloud of flame here.
Unknown command.
You are engulfed in blazing flames.
* * * LOW HITPOINT WARNING * * *
You are engulfed in blazing flames.
You die...
Kikubaaqudgha rasps: "You have failed me!
Welcome... death!"

##.....# ##....P..
#......######## #........
#........##P#P#####.....#..
#................#......#..
#####........#......###.....#..
#.##...........#.....##........
#...............°...#.#......>.
##..........°°°°°..............
###.........°°@°°...........#..
#.#..##..###°##################
#....##..#♣♣.♣♣
#####...#.##♣...♣#
.......#####.....# ...<...#
#♣...♣# .......#####♣♣.♣♣
........#P.# ♣.♣ .......#...#
♣.♣


There were no monsters in sight!

Vanquished Creatures
  A fire dragon (Volcano)
  A hydra (Lair:3)
  A two-headed ogre (D:11)
  A boulder beetle (D:11)
  2 death yaks (Lair:3)
  A skyshark (Lair:2)
  3 fire crabs
  3 lindwurms
  A deep elf pyromancer (D:9)
  A manticore (D:11)
  A cyclops (D:11)
  3 smoke demons (Volcano)
  4 black mambas
  6 cane toads
  A torpor snail (Lair:2)
  Jeremiah (D:7)
  A rime drake (Lair:1)
  6 komodo dragons
  A kobold demonologist (D:9)
  3 trolls
  Grinder (D:6)
  3 blink frogs (Lair:1)
  Prince Ribbit (D:5)
  A spriggan (Volcano)
  4 wyverns
  13 yaks
  A basilisk (Lair:2)
  Grum (D:9)
  5 steam dragons (Volcano)
  A warg (D:11)
  A naga (Lair:3)
  9 water moccasins
  4 orc warriors
  4 black bears
  A sky beast (D:6)
  A tengu (D:6)
  An ogre (D:7)
  3 centaurs
  10 wolves
  Blork the orc (D:5)
  4 kobold brigands
  5 bullfrogs
  3 scorpions
  3 wights (D:9)
  An electric eel (Lair:1)
  4 howler monkeys
  A crimson imp (D:5)
  8 orc priests
  2 bombardier beetles
  3 gnoll boudas
  3 hounds
  2 jellies (D:6)
  4 iguanas
  A sleepcap (D:5)
  Natasha (thrice) (D:2)
  12 orc wizards
  18 gnolls
  9 adders
  2 dart slugs
  2 ribbon worms
  47 orcs
  7 ball pythons
  2 bats
  9 endoplasms
  A giant cockroach (D:2)
  4 goblins
  14 hobgoblins
  3 jackals (D:1)
  3 quokkas
  A frilled lizard (D:3)
  28 kobolds
  4 rats
321 creatures vanquished.

Vanquished Creatures (collateral kills)
  A two-headed ogre (D:10)
  A hydra (Lair:3)
  2 death yaks (Lair:3)
  Joseph (D:9)
  2 torpor snails (Lair:3)
  A kobold demonologist (D:9)
  2 rime drakes (Lair:2)
  Psyche (D:9)
  3 komodo dragons
  A troll (D:11)
  A blink frog (Lair:1)
  A snapping turtle (Lair:2)
  A water elemental (Lair:2)
  8 yaks
  A wyvern (Lair:3)
  A water moccasin (Lair:3)
  An ice beast (D:8)
  A centaur (D:9)
  A wolf (Lair:1)
  2 bullfrogs
  A howler monkey (D:10)
34 creatures vanquished.

Vanquished Creatures (others)
  2 death yak zombies (Lair:3)
  A black mamba zombie (Lair:3)
  A cane toad zombie (Lair:1)
  2 torpor snail zombies
  2 komodo dragon zombies (Lair:3)
  A wyvern zombie (Lair:3)
  2 water moccasin zombies
  11 yak zombies
22 creatures vanquished.

Grand Total: 377 creatures vanquished

Notes
Turn   | Place    | Note
-------+----------+-------------------------------------------
     0 | D:1      | jestert79 the Draconian Warper began the quest for the Orb.
     0 | D:1      | Reached XP level 1. HP: 17/17 MP: 3/3
   278 | D:1      | Reached XP level 2. HP: 24/24 MP: 5/5
   702 | D:2      | Reached skill level 1 in Stealth
   750 | D:2      | Identified the +2 dagger "Ekinef" {venom, +Blink rPois rC+
                  | Str+2}
   808 | D:2      | Noticed Natasha
   822 | D:2      | Killed Natasha
   823 | D:2      | Reached XP level 3. HP: 23/29 MP: 6/6
   991 | D:2      | Identified the +2 whip "Roxzerr" {venom, rPois Int+3}
  1004 | D:2      | Noticed Natasha
  1010 | D:2      | Killed Natasha
  1011 | D:2      | Reached XP level 4. HP: 35/36 MP: 7/7
  1024 | D:2      | Noticed Natasha
  1033 | D:2      | Killed Natasha
  1068 | D:2      | Reached XP level 5. HP: 31/41 MP: 8/8
  1320 | D:2      | Reached skill level 1 in Maces & Flails
  1357 | D:2      | Identified the +5 ring mail of Action {rPois}
  1610 | D:3      | Found Eleesika's Book Shoppe.
  1626 | D:3      | Found a transporter.
  1799 | D:3      | Reached XP level 6. HP: 24/48 MP: 9/9
  1903 | D:3      | Found a transporter.
  1931 | D:3      | Found a one-way gate to the infinite horrors of the Abyss.
  1931 | D:3      | Noticed Ofeo's ghost (weakling OnSh)
  2263 | D:3      | Found a sacrificial altar of Ru.
  2806 | D:4      | Found a glowing silver altar of Zin.
  2806 | D:4      | Found a radiant altar of Vehumet.
  2899 | D:4      | Found a shadowy altar of Dithmenos.
  3179 | D:2      | Learned a level 2 spell: Blink
  3272 | D:4      | Reached skill level 5 in Maces & Flails
  3272 | D:4      | Your scales start taking on an icy white colour.
  3272 | D:4      | Reached XP level 7. HP: 40/55 MP: 10/10
  3272 | D:4      | Gained mutation: Your flesh is cold resistant. (rC+) [White
                  | Draconian growth]
  3352 | D:4      | Learned a level 3 spell: Frozen Ramparts
  4014 | D:5      | Entered Level 5 of the Dungeon
  4050 | D:5      | Found a runed translucent gate.
  4050 | D:5      | Found a runed translucent gate.
  4050 | D:5      | Found a runed translucent gate.
  4068 | D:5      | Noticed tgirl's ghost (amateur OpEn)
  4505 | D:5      | Found a burning altar of Makhleb.
  4508 | D:5      | Noticed Blork the orc
  4768 | D:5      | Reached skill level 1 in Ice Magic
  4768 | D:5      | Reached XP level 8. HP: 57/63 MP: 11/11
  4892 | D:5      | Noticed Prince Ribbit
  4916 | D:5      | Killed Prince Ribbit
  5190 | D:5      | Killed Blork the orc
  5467 | D:5      | Found a blossoming altar of Fedhas.
  5766 | D:6      | Noticed Edmund
  5779 | D:6      | Edmund changed into Edmund the tengu
  5779 | D:6      | Noticed Edmund
  5788 | D:6      | Killed Edmund the tengu
  6143 | D:6      | Noticed Grinder
  6145 | D:6      | Paralysed by Grinder for 4 turns
  6159 | D:6      | Killed Grinder
  6241 | D:6      | Learned a level 3 spell: Summon Ice Beast
  6514 | D:6      | Reached XP level 9. HP: 69/70 MP: 12/12
  6678 | D:6      | Found a stormy altar of Qazlal.
  6900 | D:6      | Reached skill level 1 in Summonings
  6900 | D:6      | Reached skill level 5 in Ice Magic
  7278 | D:7      | Noticed Jeremiah
  7309 | D:7      | Killed Jeremiah
  7550 | D:3      | Bought a book of Winter for 374 gold pieces
  7554 | D:3      | Learned a level 3 spell: Ozocubu's Armour
  8062 | D:7      | Found a staircase to the Ecumenical Temple.
  8073 | Temple   | Entered the Ecumenical Temple
  8105 | Temple   | Became a worshipper of Kikubaaqudgha
  9163 | D:8      | Found a hide-covered altar of Uskayaw.
  9329 | D:8      | Reached skill level 10 in Maces & Flails
  9331 | D:8      | Reached skill level 5 in Fighting
  9931 | D:9      | Found a glowing golden altar of the Shining One.
  9939 | D:9      | Reached XP level 10. HP: 81/81 MP: 9/13
 10180 | D:9      | Found a runed translucent door.
 10180 | D:9      | Found a shimmering altar of Xom.
 10180 | D:9      | Noticed Phlounder's ghost (journeyman DjSh)
 10180 | D:9      | Noticed a +2 hand axe of chaos
 10190 | D:9      | Noticed Psyche
 10201 | D:9      | Killed Psyche
 10285 | D:9      | Noticed Joseph
 10305 | D:9      | Killed Joseph
 10707 | D:9      | Reached * piety under Kikubaaqudgha
 10707 | D:9      | Received a gift from Kikubaaqudgha
 10954 | D:9      | Noticed a rust devil
 10959 | D:9      | Reached skill level 5 in Dodging
 11082 | D:9      | Noticed a deep elf pyromancer
 11102 | D:9      | Killed a deep elf pyromancer
 11273 | D:9      | Noticed Grum
 11298 | D:9      | Killed Grum
 11918 | D:10     | Entered Level 10 of the Dungeon
 12116 | D:10     | Identified a scroll of acquirement
 12116 | D:10     | Acquired the amulet "Wumy" {Acrobat Int+2}
 12454 | D:10     | Found Uttez's Book Shop.
 12464 | D:10     | Identified the maw talisman of Jesh {rN+}
 12471 | D:10     | Noticed a two-headed ogre
 12617 | D:10     | Killed a two-headed ogre
 12618 | D:10     | Reached XP level 11. HP: 91/91 MP: 14/14
 13277 | D:11     | Found a staircase to the Lair.
 13373 | D:11     | Learned a level 4 spell: Animate Dead
 13383 | D:11     | Noticed a boulder beetle
 13403 | D:11     | Killed a boulder beetle
 13404 | D:11     | Reached skill level 1 in Necromancy
 13581 | D:11     | Found Mofrekh's General Store.
 13589 | D:11     | Bought a +1 cloak of stealth for 198 gold pieces
 14165 | D:11     | Noticed a two-headed ogre
 14166 | D:11     | Found a staircase to the Orcish Mines.
 14181 | D:11     | Killed a two-headed ogre
 14340 | Lair:1   | Entered Level 1 of the Lair of Beasts
 14582 | Lair:1   | Reached ** piety under Kikubaaqudgha
 14658 | Lair:1   | Identified the +3 hand axe "Ykhism" {freeze, rF+ rC+ Dex+3
                  | Stlth+}
 15538 | Lair:1   | Reached skill level 5 in Necromancy
 15547 | Lair:1   | Reached XP level 12. HP: 97/104 MP: 15/18
 16086 | Lair:2   | Found a dark tunnel.
 16235 | Volcano  | Entered a volcano
 17136 | Volcano  | HP: 5/106 [lindwurm/blast of flame (30)]
 17414 | Volcano  | Noticed a fire dragon
 17432 | Volcano  | Killed a fire dragon
 17433 | Volcano  | Reached skill level 10 in Fighting
 18392 | Lair:2   | Reached *** piety under Kikubaaqudgha
 18392 | Lair:2   | Received a gift from Kikubaaqudgha
 19653 | Lair:2   | Found a staircase to the Shoals.
 19897 | Lair:3   | Found a staircase to the Snake Pit.
 20153 | Lair:3   | Found a runed translucent gate.
 20154 | Lair:3   | Found a runed translucent gate.
 20156 | Lair:3   | Found a runed translucent gate.
 20161 | Lair:3   | Noticed freelancePsychic's ghost (journeyman DjSh)
 20161 | Lair:3   | Noticed Foishes's ghost (journeyman OpEn)
 20416 | Lair:3   | Reached XP level 13. HP: 86/116 MP: 19/19
 20498 | Lair:3   | Learned a level 5 spell: Borgnjor's Vile Clutch
 20802 | Lair:3   | Reached skill level 1 in Earth Magic
 21772 | Lair:3   | Reached skill level 10 in Dodging
 22118 | Lair:3   | Reached skill level 5 in Spellcasting
 22119 | Lair:3   | Engulfed by a cloud of flame

Illustrated notes

Levels and vault maps discovered:
D:1:      roderic_crossed_star, layout_loops_cross, minmay_pentomino_u2
D:2:      layout_basic, minmay_split_cup_large, uniq_natasha
D:3:      layout_loops_ring, hangedman_ru_absence,
          gammafunk_ghost_abyssal_escape, serial_shops,
          nicolae_shop_tiny_real_fake_doors, serial_bayou_crossing
D:4:      layout_cave_pools, grunt_dithmenos_smoke, jmf_multi_god_temple,
          kennysheep_donut
D:5:      corexii_shack_village, layout_gridville, fedhas_altar_decomposition,
          makhleb_grotto_becter, gammafunk_ghost_necromancy, uniq_blork_the_orc,
          uniq_prince_ribbit1
D:6:      cheibrodos_thug_alley, layout_loops_ring,
          nicolae_qazlal_beasts_of_the_sky, uniq_edmund, uniq_grinder
D:7:      layout_basic, temple_green, nicolae_houndstooth_variations,
          uniq_jeremiah
D:8:      layout_loops_corners, nicolae_overflow_hidden_temple
D:9:      layout_irregular_city, mainiacjoe_overflow_brackets,
          ebering_ghost_xom, minmay_librarian, uniq_psyche, uniq_grum,
          uniq_joseph
D:10:     layout_stronghold, serial_shops, nicolae_shop_tiny_real_fake_doors
D:11:     layout_rooms, dpeg_oklobed_lair, serial_shops, shop,
          kennysheep_doodads
Temple:   oiseaux_autumnal_temple
Lair:1:   layout_regular_city, st_stairs_8, nicolae_quartered_pool_little
Lair:2:   layout_chaotic_city, minmay_shoals_entry_hut,
          nicolae_volcano_entry_vermiform, hangedman_lair_generics_rect
Lair:3:   nzn_winding_woodlands_large [nzn_winding_woodlands_5x5_perimeter,
          nzn_winding_woodlands_5x15_default,
          nzn_winding_woodlands_5x5_open_star,
          nzn_winding_woodlands_center_diamonds,
          nzn_winding_woodlands_15x15_five_gardens,
          nzn_winding_woodlands_center_pierced_h,
          nzn_winding_woodlands_5x5_default, nzn_winding_woodlands_5x15_jagged,
          nzn_winding_woodlands_5x5_three], layout_gridlike,
          guppyfry_snake_entry_island, gammafunk_ghost_cemetery

Skill      XL: |  1  2  3  4  5  6  7  8  9 10 11 12 13 |
---------------+----------------------------------------+-----
Stealth        | 1 2 3 |  3.0
Axes           | 3 4 |  4.4
Maces & Flails | 3 5 6 8 10 11 | 11.7
Fighting       | 3 5 6 9 11 | 11.7
Dodging        | 3 4 5 7 9 10 | 10.0
Ice Magic      | 1 4 6 7 |  7.6
Summonings     | 3 |  3.6
Spellcasting   | 4 5 |  5.0
Necromancy     | 5 7 8 |  8.2
Earth Magic    | 2 |  2.7
Throwing       | |  0.8
Translocations | |  3.0

Action                     |  1- 3 |  4- 6 |  7- 9 | 10-12 | 13-15 || total
---------------------------+-------+-------+-------+-------+-------++-------
  Melee: Hand axe          |    75 |       |       |       |       ||    75
         Tailslap          |     5 |    25 |    63 |   118 |    27 ||   238
         Whip              |     4 |   205 |   442 |   565 |    82 ||  1298
         Punch             |       |     2 |     5 |    12 |       ||    19
         Flail             |       |       |       |    23 |       ||    23
         Morningstar       |       |       |       |       |    12 ||    12
   Fire: Sling             |    12 |       |       |       |       ||    12
  Throw: Dart              |       |     1 |       |     2 |       ||     3
   Cast: Frozen Ramparts   |       |       |    12 |    69 |    11 ||    92
         Ozocubu's Armour  |       |       |     1 |    49 |     8 ||    58
         Summon Ice Beast  |       |       |     1 |    51 |     6 ||    58
         Animate Dead      |       |       |       |     4 |     3 ||     7
Ability: Breathe Frost     |       |       |     5 |    13 |     3 ||    21
  Evoke: Wand              |       |       |     3 |    17 |     3 ||    23
    Use: Potion            |     3 |       |     1 |     9 |       ||    13
         Scroll            |     1 |     5 |     3 |    20 |     8 ||    37
   Stab: Sleeping          |     1 |     3 |     6 |     2 |       ||    12
         Distracted        |       |       |     2 |     2 |     1 ||     5
         Invisible         |       |       |       |     3 |       ||     3
         Paralysed         |       |       |       |    14 |       ||    14
 Armour: Skin              |    46 |    84 |   195 |   340 |    69 ||   734
  Dodge: Dodged            |    52 |   110 |   161 |   287 |    67 ||   677

Table legend: (Time is in decaauts)
 A = Elapsed time spent in this place.
 B = Non-inter-level travel time spent in this place.
 C = Inter-level travel time spent in this place.
 D = Time resting spent in this place.
 E = Time spent auto-exploring this place.
 F = Levels seen in this place.
 G = Mean time per level.
                   A        B        C        D        E       F      G
               +--------+--------+--------+--------+--------+-----+--------+
         Total |  21720 |  20119 |   1601 |   6643 |   7408 |  16 | 1357.5 |
       Dungeon |  14140 |  12824 |   1316 |   3186 |   6489 |  11 | 1285.5 |
        Temple |     64 |      2 |     62 |      0 |      0 |   1 |   64.0 |
          Lair |   6122 |   5899 |    223 |   2568 |    896 |   3 | 2040.7 |
       Volcano |   1392 |   1392 |      0 |    889 |     23 |   1 | 1392.0 |
               +--------+--------+--------+--------+--------+-----+--------+

Top non-repeatable levels by time:
  Lair:3: 2116 daAuts
  Lair:2: 2029 daAuts
  Lair:1: 1976 daAuts
     D:9: 1774 daAuts
     D:6: 1727 daAuts
     D:3: 1458 daAuts
     D:5: 1433 daAuts
 Volcano: 1392 daAuts
     D:4: 1385 daAuts
    D:10: 1276 daAuts
     D:8: 1240 daAuts
     D:7: 1160 daAuts
    D:11: 1106 daAuts
     D:2: 793 daAuts
     D:1: 784 daAuts
